 Dungeon Crawl Stone Soup version 0.18-a0-1426-g3b9a63c (webtiles) character file.

25 M4edhros the Charlatan (level 3, -1/23 HPs)
             Began as an Octopode Artificer on Feb 28, 2016.
             Slain by a worker ant (6 damage)
             ... on level 4 of the Dungeon.
             The game lasted 00:01:14 (714 turns).

M4edhros the Charlatan (Octopode Artificer)          Turns: 714, Time: 00:01:14

Health: -1/23      AC:  1    Str: 15    XL:     3   Next: 6%
Magic:  5/5        EV: 12    Int: 20    God:
Gold:   39         SH:  0    Dex: 12    Spells: 0 memorised, 2 levels left

rFire  . . .     SeeInvis .       - Unarmed
rCold  + . .     Gourm    .     (no shield)
rNeg   . . .     Faith    .     (helmet restricted)
rPois  .         Spirit   .     (no amulet)
rElec  .         Dismiss  .     l - ring of protection from cold
rCorr  .         Reflect  .     (no ring)
SustAt .         Harm     .     (no ring)
MR     .....                    (no ring)
Stlth  +++.......               (no ring)
                                (no ring)
                                (no ring)
                                (no ring)

@: mighty, brilliant, lethally poisoned (-1 -> -14), flying, not resistant to
hostile enchantments, fairly stealthy
A: almost no armour, amphibious, 8 rings, constrict 8, camouflage 1, gelatinous
body 1
a: no special abilities


You were on level 4 of the Dungeon.
You were not hungry.

You visited 1 branch of the dungeon, and saw 4 of its levels.

You collected 39 gold pieces.

Inventory:

Jewellery
 l - a ring of protection from cold (left tentacle)
Wands
 b - a wand of flame (15/48)
 c - a wand of enslavement (15/24)
 d - a wand of random effects (15/48)
Scrolls
 a - a scroll of teleportation {unknown}
 h - a scroll of remove curse {unknown}
 i - a scroll of identify {unknown}
 k - a scroll of fog {unknown}
Potions
 e - a potion of flight
Comestibles
 f - 3 bread rations


   Skills:
 - Level 1.0 Fighting
   Level 1.0 Short Blades
 - Level 2.0 Dodging
 - Level 1.3 Stealth
 + Level 2.6 Unarmed Combat
 - Level 3.2 Evocations


You had 2 spell levels left.
You didn't know any spells.

Dungeon Overview and Level Annotations

Branches:
Dungeon (4/15)
 Temple: D:4-7

Altars:


Innate Abilities, Weirdness & Mutations

You cannot wear most types of armour.
You are amphibious.
You can wear up to eight rings at the same time.
You can use your tentacles to constrict eight enemies at once.
Your skin changes colour to match your surroundings (Stealth).
Your rubbery body absorbs attacks (AC +1).


Message History

Drink which item? (? for menu, Esc to quit)
It was a potion of might.
You feel very mighty all of a sudden.
You constrict the worker ant.
You feel sick. The worker ant barely misses you.
Drink which item? (? for menu, Esc to quit)
It was a potion of brilliance.
You feel clever all of a sudden.
You constrict the worker ant. The worker ant misses you. x2
You barely miss the worker ant.
The worker ant is moderately wounded.
You constrict the worker ant.
You feel sick. The worker ant bites you.
* * * LOW HITPOINT WARNING * * *
You are more poisoned.
The worker ant poisons you!
You bludgeon the worker ant!
The worker ant is almost dead.
You constrict the worker ant, but do no damage.
* * * LOW HITPOINT WARNING * * *
You feel sick. The worker ant bites you.
You die...

##........# #.......
#.........# #.......
#.........# #....<..
.. #.$......#
#....... #..#
#.....>.## #.......
#..#.......#
#....... #........##
#....... ###..a...#
#......# ###@.###
#.....## ##.††##
#...#...
######..######.....#
#.........##....####
#............#### #
#..........### ##
#...........# #.
############# ##


You could see a worker ant.

Vanquished Creatures
  A worm (D:2)
  2 dart slugs (D:1)
  2 giant cockroaches (D:2)
  2 goblins
  A hobgoblin (D:2)
  4 jackals (D:4)
  A kobold (D:1)
  A ball python (D:1)
  2 bats (D:2)
  A giant newt (D:1)
  A rat (D:1)
18 creatures vanquished.

Notes
Turn   | Place    | Note
--------------------------------------------------------------
     0 | D:1      | M4edhros the Octopode Artificer began the quest for the Orb.
     0 | D:1      | Reached XP level 1. HP: 13/13 MP: 3/3
    78 | D:1      | Reached skill level 1 in Unarmed Combat
   164 | D:1      | Reached XP level 2. HP: 13/18 MP: 4/4
   689 | D:4      | Reached XP level 3. HP: 17/23 MP: 5/5
   714 | D:4      | Slain by a worker ant

Vault maps used:
D:1:      lemuel_arrival_behind_the_door_large
D:2:      led_sif_pool, nicolae_ru_sacrificial_ziggurat,
          gammafunk_temple_overflow_forgotten, ecumenical_altar_1, first_bread
D:3:      small_statue_intersection
D:4:      nicolae_overflow_hidden_temple, portal_sewer_entry_a, serial_shops,
          shop, uniq_natasha, uniq_sigmund

Skill      XL: |  1  2 |
---------------+-------+-----
Unarmed Combat | 1 2 |  2.6
Fighting       | |  1.0
Short Blades   | |  1.0
Dodging        | |  2.0
Stealth        | |  1.3
Evocations     | |  3.2

Action                   || total
-------------------------++-------
Melee: Unarmed           ||    40
  Use: Potion            ||     3
 Stab: Sleeping          ||     5
